 Dungeon Crawl Stone Soup version 0.28-a0-1206-g193881aaa2 (webtiles) character file.

Game seed: 4550734838306458923

27 avis the Insei (level 3, 0/18 HPs)
             Began as a Vine Stalker Transmuter on Dec 20, 2021.
             Succumbed to an adder's poison
             ... on level 1 of the Dungeon.
             The game lasted 00:06:04 (1374 turns).

avis the Insei (Vine Stalker Transmuter)            Turns: 1374, Time: 00:06:04

Health: 0/18       AC:  2    Str: 14    XL:     3   Next: 10%
Magic:  1/7        EV: 12    Int: 13    God:
Gold:   24         SH:  0    Dex: 14    Spells: 2/6 levels left

rFire   . . .      SeeInvis .     - Unarmed
rCold   . . .      Faith    .   (no shield)
rNeg    . . .      Spirit   +   a - +0 robe
rPois   .          Reflect  .   (no helmet)
rElec   .          Harm     .   (no cloak)
rCorr   .          Rampage  .   (no gloves)
Will    .....                   (no boots)
Stlth   ++........              (no amulet)
HPRegen 0.06/turn               (no ring)
MPRegen 0.10/turn               (no ring)

@: lethally poisoned (0 -> -10)
A: fangs 2, magic shield, antimagic bite, no potion heal 2
a: no special abilities


You were on level 1 of the Dungeon.
You visited 1 branch of the dungeon, and saw 2 of its levels.

You collected 24 gold pieces.

Inventory:

Missiles
 f - 26 stones
Armour
 a - a +0 robe (worn)
Scrolls
 b - a scroll of silence {unknown}
 c - a scroll of identify {unknown}
 e - a scroll of blinking {unknown}
 g - a scroll of torment {unknown}
Potions
 d - a potion of attraction {unknown}
 h - a potion of degeneration {unknown}


   Skills:
 - Level 2.0 Fighting
 - Level 1.5 Dodging
 - Level 2.0 Stealth
 - Level 3.0 Unarmed Combat
 * Level 2.4 Spellcasting
 - Level 2.0 Transmutations


You had 2 spell levels left.
You knew the following spells:

 Your Spells              Type           Power      Damage    Failure   Level
a - Beastly Appendage     Tmut           12%        N/A       11%         1
p - Spider Form           Tmut/Pois      4%         N/A       43%         3

Your spell library contained the following spells:

 Spells                   Type           Power      Damage    Failure   Level
 Wereblood                Tmut           6%         N/A       16%         2
 Sublimation of Blood     Necr           1%         N/A       36%         2
 Ice Form                 Ice/Tmut       4%         N/A       85%         4
 Petrify                  Tmut/Erth      4%         N/A       85%         4
 Irradiate                Conj/Tmut      2%         3d14      99%         5


Dungeon Overview and Level Annotations

Branches:
Dungeon (2/15)

Altars:


Innate Abilities, Weirdness & Mutations

You have extremely sharp teeth.
When hurt, damage is shared between your health and your magic reserves.
Your bite disrupts and absorbs the magic of your enemies.
Potions cannot restore your health.


Message History

The ball python hisses angrily.
You hit the adder but do no damage. You claw the adder.
The adder is moderately wounded.
The adder bites you.
You are poisoned.
The adder poisons you!
You feel sick. The adder barely misses you.
You climb upwards.
You feel sick.
There is a stone staircase leading down here.
You hit the adder. Your headbutt misses the adder.
The adder is severely wounded.
You feel sick. The adder bites you but does no damage. The adder bites you.
You miss the adder.
The adder is severely wounded.
You feel sick. The adder misses you.
You closely miss the adder. Your headbutt misses the adder.
Your bite misses the adder.
The adder is severely wounded.
Your horns disappear.
Your talons disappear.
You feel sick.
You are no longer poisoned.
The adder misses you.
You hit the adder.
The adder is almost dead.
The adder bites you but does no damage.
You hit the adder but do no damage.
The adder is almost dead.
The adder bites you.
You are poisoned.
The adder poisons you!
You barely miss the adder.
The adder is almost dead.
* * * LOW HITPOINT WARNING * * *
You feel sick. The adder bites you.
* * * LOW HITPOINT WARNING * * *
You are more poisoned.
The adder poisons you! The adder misses you.
You closely miss the adder.
The adder is almost dead.
You die...

### ##########.#
...........#
##########.#######
...............S@#
#.######.#.#####.#
#......#.#.# #.#
######.#.#.# #.#
#....#.#.#.# #.#
...#.#.#.#.# #.#
.....#.#.#.# #.#
...###.#.#.# #.#
.......#.#.# #.#


You could see an adder.

Vanquished Creatures
  2 endoplasms (D:1)
  2 goblins (D:1)
  4 hobgoblins (D:1)
  4 jackals (D:1)
  2 kobolds (D:1)
  2 quokkas (D:1)
  2 ball pythons (D:1)
  2 bats (D:1)
  2 rats (D:1)
22 creatures vanquished.

Notes
Turn   | Place    | Note
-------+----------+-------------------------------------------
     0 | D:1      | avis the Vine Stalker Transmuter began the quest for the
                  | Orb.
     0 | D:1      | Reached XP level 1. HP: 9/9 MP: 4/4
    77 | D:1      | Reached skill level 1 in Fighting
    94 | D:1      | Reached skill level 1 in Stealth
   170 | D:1      | Found a faded altar of an unknown god.
   396 | D:1      | Reached XP level 2. HP: 11/14 MP: 6/6
  1028 | D:1      | Reached XP level 3. HP: 18/18 MP: 5/7
  1075 | D:1      | Learned a level 3 spell: Spider Form
  1374 | D:1      | Succumbed to an adder's poison

Illustrated notes

Levels and vault maps discovered:
D:1:      dpeg_arrival_another_circle, layout_basic,
          ebering_ecumenical_altar_sacrificial
D:2:      layout_rooms

Skill      XL: |  1  2 |
---------------+-------+-----
Fighting       | 1 2 |  2.0
Stealth        | 2 |  2.0
Dodging        | |  1.5
Unarmed Combat | |  3.0
Spellcasting   | |  2.4
Transmutations | |  2.0

Action                   || total
-------------------------++-------
Melee: Unarmed           ||    62
       Bite              ||     5
       Kick              ||     7
       Headbutt          ||     7
 Cast: Beastly Appendage ||    11
 Stab: Sleeping          ||     1
Armor: Robe              ||     9
Dodge: Dodged            ||    32

Table legend: (Time is in decaauts)
 A = Elapsed time spent in this place.
 B = Non-inter-level travel time spent in this place.
 C = Inter-level travel time spent in this place.
 D = Time resting spent in this place.
 E = Time spent auto-exploring this place.
 F = Levels seen in this place.
 G = Mean time per level.
                   A        B        C        D        E       F      G
               +--------+--------+--------+--------+--------+-----+--------+
         Total |   1371 |   1338 |     33 |    707 |    432 |   2 |  685.5 |
       Dungeon |   1371 |   1338 |     33 |    707 |    432 |   2 |  685.5 |
               +--------+--------+--------+--------+--------+-----+--------+

Top non-repeatable levels by time:
     D:1: 1340 daAuts
     D:2: 31 daAuts
